 Dungeon Crawl Stone Soup version 0.28-a0-779-g3d1f99b579 (webtiles) character file.

Game seed: 3713814925125557248

72 cheechan the Grasshopper (level 4, -1/29 HPs)
             Began as an Octopode Warper on Nov 2, 2021.
             Slain by an orc (10 damage)
             ... on level 3 of the Dungeon.
             The game lasted 00:05:56 (1321 turns).

cheechan the Grasshopper (Octopode Warper)          Turns: 1321, Time: 00:05:57

Health: -1/29      AC:  1    Str: 11    XL:     4   Next: 26%
Magic:  7/7        EV: 13    Int: 15    God:
Gold:   77         SH:  0    Dex: 11    Spells: 3/8 levels left

rFire   . . .      SeeInvis .   p - +2 hand axe (vorpal)
rCold   + . .      Faith    .   (no shield)
rNeg    . . .      Spirit   .   (helmet restricted)
rPois   .          Reflect  .   (no amulet)
rElec   .          Harm     .   g - ring of protection from cold
rCorr   .          Rampage  .   i - ring of willpower
Will    +....                   (no ring)
Stlth   ++........              (no ring)
HPRegen 0.09/turn               (no ring)
MPRegen 0.10/turn               (no ring)
                                (no ring)
                                (no ring)

@: confused
A: almost no armour, amphibious, 8 rings, camouflage 1, gelatinous body 1,
(nimble swimmer 1), tentacles
a: no special abilities


You were on level 3 of the Dungeon.
You visited 1 branch of the dungeon, and saw 3 of its levels.

You collected 77 gold pieces.

Inventory:

Hand Weapons
 a - a +1 spear
 e - a +1 short sword of venom
 h - a +0 hunting sling
 l - a +0 war axe
 p - a +2 vorpal hand axe (weapon)
Missiles
 c - 5 boomerangs of dispersal (quivered)
 m - 22 bolts
 n - a boomerang
Jewellery
 g - a ring of protection from cold (left tentacle)
 i - a ring of willpower (right tentacle)
Scrolls
 b - a scroll of blinking
 d - a scroll of amnesia
 o - a scroll of enchant armour
Potions
 f - a potion of ambrosia
 j - 2 potions of curing


   Skills:
 + Level 2.3 Fighting
 + Level 0.2 Short Blades
 + Level 2.8 Polearms
 + Level 1.0 Throwing
 + Level 2.6 Dodging
 + Level 1.6 Stealth
 + Level 2.5 Spellcasting
 + Level 3.4 Translocations


You had 3 spell levels left.
You knew the following spells:

 Your Spells              Type           Power      Damage    Failure   Level
a - Blink                 Tloc           24%        N/A       8%          2
b - Teleport Other        Tloc           12%        N/A       16%         3

Your spell library contained the following spells:

 Spells                   Type           Power      Damage    Failure   Level
 Gell's Gravitas          Tloc           12%        N/A       16%         3
 Lesser Beckoning         Tloc           12%        N/A       16%         3
 Manifold Assault         Tloc           12%        N/A       82%         5


Dungeon Overview and Level Annotations

Branches:
Dungeon (3/15)

Altars:
Elyvilon


Innate Abilities, Weirdness & Mutations

You cannot wear most types of armour.
You are amphibious.
You can wear up to eight rings at the same time.
Your skin changes colour to match your surroundings (Stealth+).
Your rubbery body absorbs attacks. (AC +1, EV +1)
((You are camouflaged near water. (Stealth+)))
You have tentacles for arms and can constrict up to eight enemies at once.


Message History

You see here a quokka corpse.
An orc wizard comes into view. It is wielding a +0 dagger.
The orc wizard shouts!
You hear a shout!
An orc comes into view. It is wielding a +0 club.
An orc comes into view. It is wielding a +0 flail.
The orc moves out of view.
The orc wizard casts a spell at you.
You are confused.
Non-targeted confused throw: 2 javelins
Press: ? - help, Q - select action, (/) - cycle Dir - look around, f - activate Look: an orc wizard, wielding a +0 dagger and wearing a +0 robe You throw a javelin.
An orc comes into view. It is wielding a +0 dagger.
Non-targeted confused throw: javelin
Press: ? - help, Q - select action, (/) - cycle Dir - look around, f - activate Look: an orc wizard, wielding a +0 dagger and wearing a +0 robe You throw a javelin.
The orc shouts!
The javelin pierces through the orc wizard but does no damage.
The javelin misses the orc.
You're too confused to move!
You feel less confused.
The orc shouts!
You hit the orc wizard. You grab the orc wizard.
The orc wizard is moderately wounded.
You constrict the orc wizard.
The orc wizard points at you and mumbles some strange words.
You are confused.
The orc wizard hits you with a +0 dagger.
You barely miss the orc wizard.
The orc wizard is heavily wounded.
You constrict the orc wizard, but do no damage.
The orc hits you with a +0 flail.
The orc wizard hits you with a +0 dagger.
You bump into the rock wall.
You constrict the orc wizard.
The orc wizard hits you with a +0 dagger.
The orc hits you with a +0 flail.
You release your grip on the orc wizard.
You barely miss the orc. The orc hits you with a +0 flail!
You die...

#..#
#..###
#....
#...#
#o.#
##o.#
#o..#
#o#.#
#@#.#
#†#.#
#.#(#
#.#.#
#.#.#
#.#.#
#.#.#
#.#.#
##.#
#.#.#
#(..


You could see an orc wizard and 3 orcs.

Vanquished Creatures
  2 adders (D:2)
  A worm (D:2)
  4 dart slugs
  An orc (D:3)
  3 bats (D:1)
  3 endoplasms
  6 giant cockroaches
  4 kobolds
  A quokka (D:3)
  5 ball pythons
  4 frilled lizards
  4 goblins
  5 rats
43 creatures vanquished.

Notes
Turn   | Place    | Note
-------+----------+-------------------------------------------
     0 | D:1      | cheechan the Octopode Warper began the quest for the Orb.
     0 | D:1      | Reached XP level 1. HP: 14/14 MP: 3/3
   127 | D:1      | Reached XP level 2. HP: 19/19 MP: 5/5
   130 | D:1      | Learned a level 2 spell: Blink
   612 | D:2      | Reached XP level 3. HP: 24/24 MP: 6/6
   727 | D:2      | Reached skill level 1 in Stealth
   784 | D:2      | Found a white marble altar of Elyvilon.
   793 | D:2      | Reached XP level 4. HP: 6/29 MP: 7/7
  1105 | D:2      | Learned a level 3 spell: Teleport Other
  1321 | D:3      | Slain by an orc

Illustrated notes

Levels and vault maps discovered:
D:1:      tarquinn_simple_flora_water_f, layout_loops_ring,
          shapermc_ecumenical_altar_hornbeckon, hangedman_abyss_or_decor_stabs
D:2:      layout_loops_ring, basic_altar, minmay_divided_ellipse
D:3:      layout_loops_ring, yredelemnul_altar_generic, minmay_ruptured

Skill      XL: |  1  2  3 |
---------------+----------+-----
Stealth        | 1 |  1.6
Fighting       | |  2.3
Short Blades   | |  0.2
Polearms       | |  2.8
Throwing       | |  1.0
Dodging        | |  2.6
Spellcasting   | |  2.5
Translocations | |  3.4

Action                   |  1- 3 |  4- 6 || total
-------------------------+-------+-------++-------
Melee: Spear             |    66 |       ||    66
       Constrict         |    13 |     8 ||    21
       Tentacles         |     9 |     2 ||    11
       Short sword       |     7 |    24 ||    31
       Hand axe          |       |     6 ||     6
Throw: Javelin           |     2 |     2 ||     4
  Use: Scroll            |     3 |     3 ||     6
       Potion            |     2 |       ||     2
 Stab: Sleeping          |     7 |       ||     7
Armor: Skin              |     7 |     1 ||     8
Dodge: Dodged            |    38 |    22 ||    60

Table legend: (Time is in decaauts)
 A = Elapsed time spent in this place.
 B = Non-inter-level travel time spent in this place.
 C = Inter-level travel time spent in this place.
 D = Time resting spent in this place.
 E = Time spent auto-exploring this place.
 F = Levels seen in this place.
 G = Mean time per level.
                   A        B        C        D        E       F      G
               +--------+--------+--------+--------+--------+-----+--------+
         Total |   1322 |   1322 |      0 |    177 |      0 |   3 |  440.7 |
       Dungeon |   1322 |   1322 |      0 |    177 |      0 |   3 |  440.7 |
               +--------+--------+--------+--------+--------+-----+--------+

Top non-repeatable levels by time:
     D:1: 604 daAuts
     D:2: 558 daAuts
     D:3: 159 daAuts
